 Dungeon Crawl Stone Soup version 0.30-a0-561-g1b0378597e (webtiles) character file.

Game seed: 18195401442874183182

37 HessuHobo the Trooper (level 3, -2/33 HPs)
             Began as a Hill Orc Fighter on Dec 28, 2022.
             Slain by a quokka (4 damage)
             ... on level 2 of the Dungeon.
             The game lasted 00:01:05 (1572 turns).

HessuHobo the Trooper (Hill Orc Fighter)            Turns: 1572, Time: 00:01:06

Health: -2/33      AC:  3    Str: 20    XL:     3   Next: 41%
Magic:  3/3        EV:  9    Int:  8    God:
Gold:   90         SH:  4    Dex: 10    Spells: 2/2 levels left

rFire   . . .      SeeInvis .    a - +0 war axe
rCold   . . .      Faith    .    c - +0 buckler
rNeg    . . .      Spirit   .    b - +0 scale mail
rPois   .          Reflect  .    (no helmet)
rElec   .          Harm     .    (no cloak)
rCorr   .          Rampage  .    (no gloves)
Will    .....                    (no boots) Stlth
                                 (no amulet)
HPRegen 0.25/turn                (no ring)
MPRegen 0.08/turn                (no ring)

@: mighty, corroded
A: no striking features
a: no special abilities


You were on level 2 of the Dungeon.
You visited 1 branch of the dungeon, and saw 3 of its levels.

You collected 90 gold pieces.

Inventory:

Hand Weapons
 a - a +0 war axe (weapon)
Armour
 b - a +0 scale mail (worn)
 c - a +0 buckler (worn)
Scrolls
 e - 3 scrolls of immolation {unknown}
 f - 5 scrolls of teleportation {unknown}
 g - a scroll of acquirement {unknown}
 j - 2 scrolls of enchant armour {unknown}
 m - 3 scrolls of noise {unknown}
 n - a scroll of fog {unknown}
Potions
 h - a potion of ambrosia {unknown}
 i - a potion of curing {unknown}
 k - a potion of cancellation {unknown}
 l - a potion of haste {unknown}
 o - 2 potions of brilliance {unknown}


   Skills:
 + Level 4.1 Fighting
 + Level 3.3 Axes
 + Level 3.7 Armour
 + Level 3.7 Shields


You had 2 spell levels left.
You didn't know any spells.
Your spell library was empty.

Dungeon Overview and Level Annotations

Branches:
Dungeon (3/15)

Altars:
Vehumet


Message History

Things that are here:
a +0 club; a goblin corpse
Found a stone staircase leading down.
Done exploring.
Done exploring.
Done exploring.
Done exploring.
No target in view!
Search for what [Enter for "."]? .
(D) Dungeon
Where to? (Enter - D:2, ? - help)
There is a stone staircase leading down here.
You climb downwards.
Found 15 gold pieces.
There is a stone staircase leading up here.
There are monsters nearby!
There are monsters nearby!
There are monsters nearby!
There are monsters nearby!
You hit the jelly but do no damage.
Your hands burn!
The jelly hits you.
You are splashed with acid!
You slash the jelly!
Your hands burn!
The jelly is heavily wounded.
The jelly completely misses you. You block the quokka's attack.
You hit the jelly. The acid corrodes you!
Your hands burn!
The jelly is heavily wounded.
You closely miss the quokka. The jelly barely misses you.
The quokka bites you. x2
The jelly hits you but does no damage.
You are too injured to fight recklessly!
You are too injured to fight recklessly!
You are too injured to fight recklessly!
You are too injured to fight recklessly!
There is a stone staircase leading up here.
The quokka barely misses you. The jelly hits you.
You are splashed with acid!
* * * LOW HITPOINT WARNING * * *
You climb upwards.
There is a stone staircase leading down here.
You feel very mighty all of a sudden. The quokka bites you.
You die...

###############.....##.###
..#..................#.#
#.#.################.#.#
#....................#.#
#...##################.# ##..#
#........##.##### #..#
######.######.##.....# #..#
#...##....r##.##.....#
#..###...######@##.##.....#
##.............#J##.##.....#
.....#########.#.##.##.....######
.....# #.#.##..............
.....# #.#..#..#.....######
.....# #.####....##........
.....#########......#####.#######
.....#........###########.# #....
.....#....###.#.........#.# #.###


You could see a jelly and a quokka.

Vanquished Creatures
  A worm (D:2)
  A dart slug (D:1)
  A ball python (D:2)
  2 bats (D:1)
  6 endoplasms
  A giant cockroach (D:1)
  2 hobgoblins
  3 kobolds
  A quokka (D:1)
  3 frilled lizards
  5 goblins
  3 rats
29 creatures vanquished.

Notes
Turn   | Place    | Note
-------+----------+-------------------------------------------
     0 | D:1      | HessuHobo the Hill Orc Fighter began the quest for the Orb.
     0 | D:1      | Reached XP level 1. HP: 19/19 MP: 1/1
   122 | D:1      | Reached XP level 2. HP: 27/27 MP: 2/2
   235 | D:1      | Reached skill level 4 in Fighting
   544 | D:2      | Reached XP level 3. HP: 33/33 MP: 3/3
  1447 | D:2      | Found a radiant altar of Vehumet.
  1572 | D:2      | Slain by a quokka

Illustrated notes

Levels and vault maps discovered:
D:1:      spicycebolla_green_bress_n_ham_2, layout_basic, minmay_split_cup_small
D:2:      layout_basic, basic_altar, grunt_decor_arrowhead
D:3:      layout_loops_cross, minivault_19

Skill      XL: |  1  2 |
---------------+-------+-----
Axes           | 3 |  3.3
Fighting       | 4 |  4.1
Armour         | |  3.7
Shields        | |  3.7

Action                   || total
-------------------------++-------
Melee: War axe           ||    76
  Use: Potion            ||     1
Armor: Scale mail        ||    33
Dodge: Dodged            ||    29
Block: Buckler           ||    14

Table legend: (Time is in decaauts)
 A = Elapsed time spent in this place.
 B = Non-inter-level travel time spent in this place.
 C = Inter-level travel time spent in this place.
 D = Time resting spent in this place.
 E = Time spent auto-exploring this place.
 F = Levels seen in this place.
 G = Mean time per level.
                   A        B        C        D        E       F      G
               +--------+--------+--------+--------+--------+-----+--------+
         Total |   1601 |   1578 |     23 |      0 |   1370 |   3 |  533.7 |
       Dungeon |   1601 |   1578 |     23 |      0 |   1370 |   3 |  533.7 |
               +--------+--------+--------+--------+--------+-----+--------+

Top non-repeatable levels by time:
     D:2: 1035 daAuts
     D:1: 558 daAuts
     D:3: 7 daAuts
